[Event "Team 45 45 League T37"]
[Site "Internet Chess Club"]
[Date "2008.05.04"]
[Round "2"]
[White "fledermaus"]
[Black "PrincessChess"]
[Result "1-0"]
[WhiteElo "1981"]
[BlackElo "1830"]
[Opening "Nimzo-Indian: classical, 4...c5"]
[ECO "E38"]
[Time "17:13:37"]
[TimeControl "2700+45"]

1. d4 Nf6 2. c4 e6 3. Nc3 Bb4 4. Qc2 c5 5. dxc5 Bxc5 6. Nf3 Nc6 7. Bg5 Be7 8. e3
a6 9. Be2 Qc7 10. Rc1 h6 11. Bh4 b6 12. O-O Bb7 13. Rfd1 Bd6 14. Qd2 Be7 15. Bg3
Qd8 16. a3 O-O 17. b4 Na7 18. Be5 d5 19. Bxf6 Bxf6 20. cxd5 Bxc3 21. Rxc3 Qxd5
22. Qxd5 exd5 23. Rc7 Rab8 24. Nd4 b5 25. Bf3 Rfd8 26. Kf1 Nc8 27. Nb3 Nb6 28.
Nc5 Bc8 29. Ra7 Ra8 30. Rxa8 Nxa8 31. Rxd5 Rxd5 32. Bxd5 Nc7 33. Bb3 Kf8 34. Ke2
Ke7 35. f4 f6 36. Kd3 Kd6 37. Kd4 f5 38. h4 Ne8 39. Bc2 Nf6 40. e4 fxe4 41.
Nxe4+ Nxe4 42. Bxe4 Kc7 43. Ke5 Bg4 44. g3 Bc8 45. f5 Kd8 46. f6 g5 47. hxg5
hxg5 48. Bc6 g4 49. Kd6 {Black resigns} 1-0

[Event "Team 45 45 League T37"]
[Site "Internet Chess Club"]
[Date "2008.04.30"]
[Round "2"]
[White "BIGGY"]
[Black "Wheels"]
[Result "1/2-1/2"]
[WhiteElo "1798"]
[BlackElo "1834"]
[Opening "Bird's opening"]
[ECO "A02"]
[Time "20:00:16"]
[TimeControl "2700+45"]

1. f4 g6 2. Nf3 d5 3. e3 Bg7 4. Bb5+ Nd7 5. O-O Nh6 6. Nc3 c6 7. Be2 O-O 8. b3
Nf5 9. Bb2 Nf6 10. Na4 b5 11. Nc5 Qb6 12. b4 Nd6 13. Bd4 Qc7 14. d3 Nf5 15. Be5
Qb6 16. Qc1 a5 17. c3 Ng4 18. Bxg7 Kxg7 19. e4 dxe4 20. dxe4 Nd6 21. Kh1 Nb7 22.
h3 Nf6 23. Nxb7 Bxb7 24. Bd3 Rfd8 25. Rd1 {Game drawn by mutual agreement}
1/2-1/2

[Event "Team 45 45 League T37"]
[Site "Internet Chess Club"]
[Date "2008.05.04"]
[Round "2"]
[White "cgrau"]
[Black "OrangeKing"]
[Result "1/2-1/2"]
[WhiteElo "1718"]
[BlackElo "1735"]
[Opening "Queen's pawn, Mason variation"]
[ECO "D00"]
[Time "11:59:22"]
[TimeControl "2700+45"]

1. d4 d5 2. Bf4 Nf6 3. e3 e6 4. Nf3 Bd6 5. Ne5 O-O 6. Nd2 Bxe5 7. dxe5 Nfd7 8.
Bd3 f5 9. exf6 Nxf6 10. Nf3 c5 11. c3 Nc6 12. O-O Nh5 13. Bxh7+ Kh8 14. Ng5 Nxf4
15. exf4 Qf6 16. Qh5 Qh6 17. Bg6 Qxh5 18. Bxh5 Rxf4 19. g3 Rf8 20. Rfe1 Rf5 21.
h4 Kg8 22. Bg4 Rf6 23. Bxe6+ Bxe6 24. Nxe6 b6 25. Rad1 Re8 26. Nf4 Rxe1+ 27.
Rxe1 d4 28. cxd4 Nxd4 29. Kg2 Kf7 30. Nd5 Re6 31. Rxe6 Kxe6 32. Nf4+ Ke5 33. f3
Nf5 34. Kf2 Nxh4 35. Nd3+ Kd4 36. Nxc5 Nxf3 37. Ne6+ Ke4 38. Nxg7 Ne5 39. Ke2
Nd3 40. Ne8 Nc1+ 41. Kf2 Nd3+ 42. Ke2 Nc1+ 43. Kf2 Nd3+ 44. Kg2 Ke5 45. Kf3 Nxb2
46. Kg4 Nd1 47. Nc7 Nc3 48. a3 a5 49. Kh5 b5 50. g4 b4 51. axb4 axb4 52. g5 b3
53. g6 b2 54. g7 Ne4 55. Ne8 b1=Q 56. g8=Q Qh1+ 57. Kg6 Qg2+ 58. Kf7 Qa2+ 59.
Kg7 Qxg8+ {Game drawn by mutual agreement} 1/2-1/2

[Event "Team 45 45 League T37"]
[Site "Internet Chess Club"]
[Date "2008.05.11"]
[Round "2"]
[White "CSCARChaplain"]
[Black "Grenadier"]
[Result "0-1"]
[WhiteElo "794"]
[BlackElo "1682"]
[Opening "Caro-Kann: advance variation"]
[ECO "B12"]
[Time "19:54:57"]
[TimeControl "2700+45"]

1. e4 c6 2. d4 d5 3. e5 Bf5 4. Nf3 e6 5. Bd3 Bxd3 6. Qxd3 Nd7 7. O-O c5 8. c3
Rc8 9. b3 Qc7 10. Bb2 Ne7 11. Nbd2 Ng6 12. Rfe1 Be7 13. g3 O-O 14. Rac1 Nb6 15.
dxc5 Bxc5 16. Kg2 Nd7 17. c4 dxc4 18. Qxc4 Qb6 19. Bd4 Bxd4 20. Qxd4 Qxd4 21.
Nxd4 Rxc1 22. Rxc1 Ndxe5 23. Rc7 Rd8 24. N4f3 Nxf3 25. Nxf3 Rb8 26. Nd4 a6 27.
a4 Kf8 28. Kf3 Ne7 29. Ke3 Nd5+ {White resigns} 0-1

[Event "Team 45 45 League T37"]
[Site "Internet Chess Club"]
[Date "2008.05.07"]
[Round "2"]
[White "Mutaant"]
[Black "RingLord"]
[Result "0-1"]
[WhiteElo "1352"]
[BlackElo "1561"]
[Opening "Sicilian defense"]
[ECO "B20"]
[Time "12:58:42"]
[TimeControl "2700+45"]

1. e4 c5 2. Bc4 e6 3. Nf3 a6 4. a3 Nc6 5. O-O d5 6. exd5 exd5 7. Be2 Nf6 8. d4
Be6 9. Bg5 h6 10. Be3 Ng4 11. Bf4 Qb6 12. dxc5 Bxc5 13. b4 Bxf2+ 14. Kh1 Ne3 15.
Bxe3 Bxe3 16. Nc3 d4 17. Na4 Qc7 18. Qd3 O-O 19. Nc5 Rfe8 20. c3 Rad8 21. Rad1
Bg4 22. h3 dxc3 23. Qxc3 Bxc5 24. bxc5 Rxe2 25. hxg4 Rxd1 26. Rxd1 Qg3 27. Rg1
Qxg4 28. Qd3 Qh5+ 29. Nh2 Ne5 30. Qd5 Ng4 31. Qd8+ Kh7 32. Qd3+ g6 33. Qg3 Nf2+
{White resigns} 0-1

[Event "Team 45 45 League T37"]
[Site "Internet Chess Club"]
[Date "2008.05.03"]
[Round "2"]
[White "civilization"]
[Black "yemisco1"]
[Result "1-0"]
[WhiteElo "1567"]
[BlackElo "1458"]
[Opening "King's pawn game"]
[ECO "C50"]
[Time "13:10:30"]
[TimeControl "2700+45"]

1. e4 e5 2. Nf3 Nc6 3. Bc4 h6 4. d4 Bb4+ 5. c3 Bd6 6. O-O exd4 7. cxd4 Be7 8.
Qb3 Na5 9. Bxf7+ Kf8 10. Qa4 Kxf7 11. Ne5+ Ke8 12. Qxa5 Nf6 13. Ng6 Rh7 14. e5
b6 15. Qb5 Kf7 16. Nxe7 Qxe7 17. exf6 gxf6 18. Qd5+ Qe6 19. Qxa8 Rg7 20. Qxc8
Qh3 21. g3 h5 22. Qb7 h4 23. Qg2 Qf5 24. Nc3 c6 25. Bf4 h3 26. Qe4 Qh5 27. Rae1
d5 28. Qe8# {Black checkmated} 1-0

[Event "Team 45 45 League T37"]
[Site "Internet Chess Club"]
[Date "2008.05.04"]
[Round "2"]
[White "moreffee"]
[Black "theartist"]
[Result "0-1"]
[WhiteElo "1262"]
[BlackElo "1155"]
[Opening "Sicilian: Smith-Morra gambit"]
[ECO "B21"]
[Time "14:01:00"]
[TimeControl "2700+45"]

1. e4 c5 2. d4 cxd4 3. c3 Nf6 4. e5 Nd5 5. Nf3 Nc6 6. Bc4 Nb6 7. Bxf7+ Kxf7 8.
Ng5+ Kg8 9. cxd4 e6 10. O-O Be7 11. Ne4 Qf8 12. Nbc3 a6 13. Ne2 Nd5 14. N2g3 g6
15. f4 h6 16. Qg4 Qg7 17. Nd6 Bxd6 18. exd6 Qxd4+ 19. Kh1 Qg7 20. Bd2 Kh7 21.
Rf3 Qxb2 22. Raf1 Nd4 23. R3f2 Nf5 24. Nxf5 exf5 25. Qh4 Qf6 26. Qh3 b5 27. Qd3
Bb7 28. Rf3 Rhe8 29. Rh3 Re6 30. Be1 Rae8 31. Bh4 Qg7 32. Bg5 h5 33. Qd1 Kg8 34.
Rxh5 gxh5 35. Qxh5 Nf6 36. Qd1 Ne4 37. Be7 Qg4 38. Qc2 Qh4 39. Bxh4 Nf6 40. Qb3
Nh5 41. Kg1 Kf7 42. Re1 Nxf4 43. Rxe6 Rxe6 44. Be7 Bxg2 45. Qg3 Ne2+ 46. Kxg2
Nxg3 47. hxg3 Re2+ 48. Kf3 Rxa2 49. Kf4 Rf2+ 50. Kg5 Ke6 51. Kg6 b4 {White
resigns} 0-1

[Event "Team 45 45 League T37"]
[Site "Internet Chess Club"]
[Date "2008.05.01"]
[Round "2"]
[White "PsyMar"]
[Black "seldredg"]
[Result "0-1"]
[WhiteElo "1197"]
[BlackElo "1321"]
[Opening "Scandinavian: Pytel-Wade variation"]
[ECO "B01"]
[Time "12:28:56"]
[TimeControl "2700+45"]

1. e4 d5 2. exd5 Qxd5 3. Nc3 Qd6 4. Nb5 Qb6 5. d4 a6 6. Nc3 Nf6 7. Bf4 Bf5 8. a4
c6 9. a5 Qd8 10. Qf3 Bxc2 11. Bxb8 Rxb8 12. Bc4 Qxd4 13. Rc1 Qxc4 14. Rxc2 Rd8
15. Nge2 e5 16. Qf5 Bd6 17. Rd2 O-O 18. O-O Rfe8 19. Rfd1 Qe6 20. Qxe6 Rxe6 21.
Ng3 g6 22. Nge4 Nxe4 23. Nxe4 Rb8 24. Nxd6 b6 25. Ne4 bxa5 26. Nc5 Kg7 27. Nxe6+
fxe6 28. Rd6 Rxb2 29. Rxc6 Kf6 30. Rxa6 Ra2 31. h3 h5 32. g4 e4 33. gxh5 gxh5
34. Re1 Kf5 35. f3 Ra3 36. fxe4+ Ke5 37. Kg2 h4 38. Rc6 Rg3+ 39. Kh2 a4 40. Rg1
Ra3 41. Rg4 Ra2+ 42. Kg1 Ra1+ 43. Kf2 Ra2+ 44. Ke1 Ra1+ 45. Kd2 Ra2+ 46. Rc2 Ra1
47. Rxh4 Rh1 48. Ra2 Rh2+ 49. Kc3 Rxa2 50. Kb4 Kd4 51. e5+ Kxe5 52. Kb5 Ra3 53.
Kb4 Ra1 54. Kc3 Kd5 55. Kb2 Rh1 56. Rh5+ e5 57. h4 Kd4 58. Ka3 Kc3 59. Kxa4 Ra1+
60. Kb5 e4 61. Re5 Kd4 62. Re8 Rb1+ 63. Ka4 e3 64. Ka3 Kd3 65. Ka2 Rh1 66. Ka3
{White resigns} 0-1

[Event "Team 45 45 League T37"]
[Site "Internet Chess Club"]
[Date "2008.05.05"]
[Round "2"]
[White "beerss"]
[Black "ErycC"]
[Result "1-0"]
[WhiteElo "1506"]
[BlackElo "1408"]
[Opening "Bird's opening"]
[ECO "A03"]
[Time "20:01:20"]
[TimeControl "2700+45"]

1. f4 d5 2. Nf3 Nf6 3. e3 Bg4 4. Bd3 e6 5. O-O Nc6 6. Bb5 Qd7 7. Qe1 Bxf3 8.
Rxf3 a6 9. Bd3 Nb4 10. Qf1 Nxd3 11. Qxd3 O-O-O 12. a3 g6 13. Nc3 Bg7 14. Ne2 Ne4
15. c3 Nc5 16. Qc2 Ne4 17. d4 Qb5 18. a4 Qc4 19. b3 Qc6 20. c4 dxc4 21. bxc4 f5
22. Rb1 Bf8 23. Bb2 Rg8 24. Rc1 h6 25. c5 g5 26. Ng3 g4 27. Rff1 Nxg3 28. hxg3
h5 29. Rfd1 Be7 30. d5 Rxd5 31. Rxd5 Qxd5 32. c6 b6 33. Rd1 Qa2 34. Qd3 Bd6 35.
Qxa6+ Kb8 36. Qb7# {Black checkmated} 1-0

[Event "Team 45 45 League T37"]
[Site "Internet Chess Club"]
[Date "2008.05.01"]
[Round "2"]
[White "EyeAm"]
[Black "strudel"]
[Result "0-1"]
[WhiteElo "1395"]
[BlackElo "1441"]
[Opening "Sicilian: Alapin's variation (2.c3)"]
[ECO "B22"]
[Time "16:02:34"]
[TimeControl "2700+45"]

1. e4 c5 2. c3 Nc6 3. d4 cxd4 4. cxd4 d5 5. e5 Bf5 6. Bd3 Bxd3 7. Qxd3 e6 8. Nf3
Nge7 9. O-O Nf5 10. Nc3 Be7 11. a3 a6 12. Be3 O-O 13. Rac1 Rc8 14. Ne2 Nxe3 15.
fxe3 Na5 16. Rxc8 Qxc8 17. Rc1 Qd7 18. Kf2 Rc8 19. Rxc8+ Qxc8 20. Qc3 Qxc3 21.
Nxc3 Nc4 22. Nd1 b5 23. h4 f5 24. Ng5 Bxg5 25. hxg5 Kf7 26. Kf3 a5 27. g3 Kg6
28. Kf4 b4 29. axb4 axb4 30. g4 fxg4 31. Kxg4 Nd2 32. Nf2 b3 33. Nd3 Ne4 34. Nc5
Nxg5 35. Nxb3 h5+ 36. Kf4 Ne4 37. Nc5 Kf7 38. b4 g5+ 39. Kf3 g4+ 40. Kg2 Nc3 41.
Nd3 h4 42. Nf2 g3 43. Nh1 Ne4 44. Kh3 Ke7 {White resigns} 0-1

[Event "Team 45 45 League T37"]
[Site "Internet Chess Club"]
[Date "2008.05.05"]
[Round "2"]
[White "N20863"]
[Black "guyd52"]
[Result "0-1"]
[WhiteElo "1264"]
[BlackElo "1279"]
[Opening "Pirc: classical system, 5.Be2"]
[ECO "B08"]
[Time "16:00:41"]
[TimeControl "2700+45"]

1. e4 d6 2. d4 g6 3. Nf3 Nf6 4. Nc3 Bg7 5. Be2 O-O 6. O-O Nbd7 7. Bf4 Re8 8. Qd2
b6 9. Bh6 Bb7 10. e5 dxe5 11. dxe5 Ng4 12. Bxg7 Kxg7 13. Qf4 h5 14. Rad1 e6 15.
Bb5 c6 16. Be2 Qc7 17. Ne4 Rac8 18. Nd6 Rf8 19. Nxc8 Rxc8 20. Ng5 Ndxe5 21. h3
Nf6 22. Ne4 Nxe4 23. Qxe4 c5 24. Qa4 c4 25. f4 Qc5+ 26. Kh1 Bc6 27. Qxa7 Ra8 28.
Qc7 Bxg2+ {White resigns} 0-1

[Event "Team 45 45 League T37"]
[Site "Internet Chess Club"]
[Date "2008.05.04"]
[Round "2"]
[White "WilmaP"]
[Black "kjs110"]
[Result "1-0"]
[WhiteElo "1280"]
[BlackElo "1059"]
[Opening "Pirc: classical (two knights) system"]
[ECO "B08"]
[Time "14:03:03"]
[TimeControl "2700+45"]

1. e4 d6 2. d4 Nf6 3. Nc3 g6 4. Nf3 Bg7 5. Rb1 O-O 6. b3 Nc6 7. Bb2 e5 8. d5 Ne7
9. h3 Bd7 10. Bd3 c6 11. Bc4 Qa5 12. O-O cxd5 13. exd5 Rac8 14. a3 b5 15. b4 Qb6
16. Bb3 e4 17. Nxe4 Nxe4 18. Bxg7 Kxg7 19. Qe1 f5 20. h4 Rfe8 21. Rc1 Nc3 22.
Ng5 Nexd5 23. Qd2 Ne2+ 24. Kh1 Nxc1 25. Qxd5 Nxb3 26. Qxb3 Re2 27. Qf7+ Kh8 28.
Qxh7# {Black checkmated} 1-0

[Event "Team 45 45 League T37"]
[Site "Internet Chess Club"]
[Date "2008.05.03"]
[Round "2"]
[White "John3v16"]
[Black "Philly-Boy"]
[Result "0-1"]
[WhiteElo "1774"]
[BlackElo "1764"]
[Opening "Scandinavian defense"]
[ECO "B01"]
[Time "22:04:25"]
[TimeControl "2700+45"]

1. e4 d5 2. exd5 Nf6 3. Bb5+ Bd7 4. Bc4 Bg4 5. f3 Bc8 6. Nc3 Nbd7 7. Bb5 a6 8.
Ba4 b5 9. Bb3 Nb6 10. a4 b4 11. Ne4 Nbxd5 12. Nxf6+ Nxf6 13. d3 e6 14. Ne2 Be7
15. O-O O-O 16. Nd4 Bc5 17. c3 bxc3 18. bxc3 Bxd4+ 19. Kh1 Bxc3 20. Ra2 a5 21.
Bg5 Qd4 22. Rc2 Ba6 23. Qc1 Bb4 24. Rxc7 Qxd3 25. Bc4 Bxc4 26. Rxc4 Nd5 27. Rd1
Qg6 28. Rg4 Rac8 29. Qb2 Bc3 30. Qe2 Nf6 31. Rg3 Nh5 32. Rg4 f5 33. Rc4 Rxc4 34.
Qxc4 Qxg5 35. Qxc3 Rd8 36. Rg1 Qh4 37. g3 Qh3 38. Qxa5 Nxg3+ 39. Rxg3 Rd1+ 40.
Rg1 Qxf3# {White checkmated} 0-1

[Event "Team 45 45 League T37"]
[Site "Internet Chess Club"]
[Date "2008.05.03"]
[Round "2"]
[White "bbrockva"]
[Black "OGO"]
[Result "1/2-1/2"]
[WhiteElo "1643"]
[BlackElo "1631"]
[Opening "Queen's Indian accelerated"]
[ECO "A50"]
[Time "11:00:37"]
[TimeControl "2700+45"]

1. d4 Nf6 2. c4 b6 3. Nc3 Bb7 4. f3 d6 5. e4 Nbd7 6. Bd3 e5 7. d5 Be7 8. Nge2
O-O 9. O-O Rc8 10. Ng3 c6 11. Nf5 cxd5 12. Nxd5 Nxd5 13. cxd5 Nc5 14. Nxe7+ Qxe7
15. Be3 a6 16. Rc1 Nxd3 17. Qxd3 b5 18. Bb6 Qd7 19. Qd2 Rxc1 20. Rxc1 Rc8 21.
Ba5 Rxc1+ 22. Qxc1 Qc8 23. Qxc8+ Bxc8 24. Bb4 f6 25. Bxd6 Kf7 26. Kf2 g6 27. Ke3
h5 28. f4 exf4+ 29. Kxf4 Bd7 30. Ke3 a5 31. Kd4 a4 32. a3 Ke8 33. e5 fxe5+ 34.
Kxe5 Bf5 35. h4 Kd7 36. Bc5 Bd3 37. Kf6 Bc2 38. Ke5 Bd3 39. g3 Bc2 40. Kd4 Bf5
41. Kc3 Be4 42. d6 Bf5 43. b3 Be4 44. bxa4 bxa4 45. Kd4 Bf5 {Game drawn by
mutual agreement} 1/2-1/2

[Event "Team 45 45 League T37"]
[Site "Internet Chess Club"]
[Date "2008.05.02"]
[Round "2"]
[White "dondel"]
[Black "BrerRabbit"]
[Result "0-1"]
[WhiteElo "1461"]
[BlackElo "1585"]
[Opening "Queen's gambit declined"]
[ECO "D30"]
[Time "19:01:12"]
[TimeControl "2700+45"]

1. d4 d5 2. c4 e6 3. Nf3 Nf6 4. e3 c5 5. Nc3 Nc6 6. Be2 dxc4 7. Bxc4 cxd4 8.
exd4 Bb4 9. O-O O-O 10. a3 Ba5 11. h3 Ne7 12. Bd2 a6 13. Re1 b5 14. Bd3 Bb7 15.
b4 Bb6 16. Be3 Rc8 17. Qc2 Ned5 18. Bd2 h6 19. Qb2 Nxc3 20. Bxc3 Nd5 21. Rac1
Nxc3 22. Rxc3 Bxd4 23. Nxd4 Qxd4 24. Rec1 Rxc3 25. Qxc3 Qxc3 26. Rxc3 Rc8 27.
Rxc8+ Bxc8 28. f4 g5 29. g3 Kg7 30. fxg5 hxg5 31. g4 Bb7 32. Kf2 f6 33. Kg3 e5
34. Be2 Kf7 35. Bd1 Ke7 36. Kf2 Kd6 37. Ke3 Kc7 38. Kf2 Kd6 39. Bc2 Kd5 40. Ke3
Kc4 41. Be4 Bxe4 42. Kxe4 Kb3 43. Kf5 Kxa3 44. Kxf6 e4 45. Kxg5 e3 46. h4 e2 47.
h5 e1=Q 48. h6 Qc3 49. Kg6 Qd3+ 50. Kg7 Qd4+ 51. Kf7 Qxg4 52. h7 Qh5+ 53. Kg7
Qxh7+ 54. Kxh7 Kxb4 {White resigns} 0-1

[Event "Team 45 45 League T37"]
[Site "Internet Chess Club"]
[Date "2008.05.01"]
[Round "2"]
[White "fredd"]
[Black "Jester"]
[Result "0-1"]
[WhiteElo "1505"]
[BlackElo "1448"]
[Opening "Ruy Lopez: Berlin defense, 4.O-O, d6"]
[ECO "C66"]
[Time "23:04:22"]
[TimeControl "2700+45"]

1. e4 e5 2. Nf3 Nc6 3. Bb5 d6 4. O-O Nf6 5. d3 h6 6. Re1 Be7 7. Nc3 O-O 8. a3
Bg4 9. h3 Bh5 10. Be3 Nd4 11. Bxd4 exd4 12. g4 dxc3 13. gxh5 c6 14. Ba4 cxb2 15.
Ra2 Nxh5 16. Rxb2 Qc8 17. Kh2 Nf4 18. Ng1 Bf6 19. Rb1 Bd4 20. Qg4 Qxg4 21. hxg4
Bxf2 22. Rf1 Be3 23. Rf3 Bxg1+ 24. Kxg1 Ne2+ 25. Kg2 Nc3 26. Rb4 Nxa4 27. Rxa4
Rfe8 28. Rb4 b6 29. Rb1 d5 30. Re1 dxe4 31. dxe4 Rad8 32. Rd3 Rxd3 33. cxd3 c5
34. Kf3 g5 35. Rd1 Rd8 36. e5 Rd4 37. Rd2 Kf8 38. Re2 Rxd3+ 39. Ke4 Rd4+ 40. Kf5
Rf4# {White checkmated} 0-1

[Event "Team 45 45 League T37"]
[Site "Internet Chess Club"]
[Date "2008.04.30"]
[Round "2"]
[White "Ernie1"]
[Black "yatiba"]
[Result "0-1"]
[WhiteElo "1626"]
[BlackElo "1723"]
[Opening "Benoni defense"]
[ECO "A60"]
[Time "21:00:26"]
[TimeControl "2700+45"]

1. d4 Nf6 2. c4 c5 3. d5 e6 4. Bg5 d6 5. e4 Qa5+ 6. Bd2 Qb6 7. Qc2 Nxe4 8. Qxe4
Qxb2 9. Bc3 Qc1+ 10. Ke2 Na6 11. Qe3 Qc2+ 12. Nd2 Bd7 13. Qd3 Qa4 14. Nb3 O-O-O
15. Kd2 exd5 16. Qd4 {White resigns} 0-1

[Event "Team 45 45 League T37"]
[Site "Internet Chess Club"]
[Date "2008.05.04"]
[Round "2"]
[White "Warpdrive"]
[Black "allanchs"]
[Result "1/2-1/2"]
[WhiteElo "1769"]
[BlackElo "1536"]
[Opening "Ruy Lopez: Berlin defense, open variation"]
[ECO "C67"]
[Time "15:59:11"]
[TimeControl "2700+45"]

1. e4 e5 2. Nf3 Nc6 3. Bb5 Nf6 4. O-O Nxe4 5. Re1 Nd6 6. Nxe5 Nxe5 7. Rxe5+ Be7
8. Ba4 O-O 9. d4 b6 10. Bb3 Bb7 11. c3 Bf6 12. Re1 Re8 13. Bf4 Rxe1+ 14. Qxe1
Qe7 15. Qxe7 Bxe7 16. Nd2 Rc8 17. Re1 Bf6 18. Bxd6 cxd6 19. Ne4 Bxe4 20. Rxe4
Kf8 21. f4 Re8 22. Rxe8+ Kxe8 23. Bd5 h6 24. Kf2 Be7 25. Ke2 f5 26. Bf3 Kf7 27.
d5 g6 28. Kd3 Ke8 29. h3 {Game drawn by mutual agreement} 1/2-1/2

[Event "Team 45 45 League T37"]
[Site "Internet Chess Club"]
[Date "2008.05.03"]
[Round "2"]
[White "KrutoyChelovek"]
[Black "MarcoDeSade"]
[Result "0-1"]
[WhiteElo "1492"]
[BlackElo "1509"]
[Opening "French: exchange variation"]
[ECO "C01"]
[Time "13:01:30"]
[TimeControl "2700+45"]

1. e4 e6 2. d4 d5 3. exd5 exd5 4. Nf3 Nf6 5. Bb5+ c6 6. Ba4 Be7 7. O-O O-O 8.
Nc3 Bg4 9. h3 Bh5 10. Qd3 Bg6 11. Qe3 Re8 12. Qd2 Bb4 13. a3 Ne4 14. Qd1 Bxc3
15. bxc3 Nxc3 16. Qd2 Nxa4 17. Qg5 Qxg5 18. Bxg5 Bxc2 19. Rfe1 Nd7 20. Rec1 Be4
21. Ne5 Nxe5 22. dxe5 Rxe5 23. Bd2 Rae8 24. f3 Bg6 25. Bb4 Re2 26. Be1 Nb2 27.
Bc3 Nd3 28. Rcb1 b6 29. Kf1 Nf4 30. Rb4 Nxg2 31. Rg4 Ne3+ 32. Kxe2 Nxg4+ 33. Kd2
Ne5 34. f4 Nc4+ 35. Kc1 c5 36. Kd1 d4 37. Bd2 Bh5+ 38. Kc2 Nxd2 39. Kxd2 Re2+
40. Kd3 Re3+ 41. Kd2 Rxh3 42. Re1 Kf8 43. Re5 f6 44. Rd5 Ke7 45. Ke1 Bf7 46.
Rxd4 cxd4 47. Kd2 h5 48. a4 Re3 49. f5 h4 50. a5 b5 51. a6 h3 52. Kc2 h2 53. Kd2
h1=Q 54. Kc2 Qg2+ 55. Kd1 Bh5+ 56. Kc1 Re1# {White checkmated} 0-1

[Event "Team 45 45 League T37"]
[Site "Internet Chess Club"]
[Date "2008.05.05"]
[Round "2"]
[White "BadHabitMarco"]
[Black "chesswooog"]
[Result "0-1"]
[WhiteElo "2008"]
[BlackElo "2202"]
[Opening "Sicilian: dragon, Yugoslav attack, Rauser variation"]
[ECO "B76"]
[Time "13:04:33"]
[TimeControl "2700+45"]

1. e4 c5 2. Nf3 d6 3. d4 cxd4 4. Nxd4 Nf6 5. Nc3 g6 6. Be3 Bg7 7. f3 Nc6 8. Qd2
O-O 9. O-O-O Bd7 10. g4 Rc8 11. h4 h5 12. gxh5 Nxh5 13. Rg1 Ne5 14. Bh6 Bh8 15.
Nf5 Nxf3 16. Rxg6+ fxg6 17. Qg2 Bxf5 18. exf5 Ne5 19. Qd5+ Kh7 20. Bxf8 Qxf8 21.
fxg6+ Kh6 22. Be2 Nf4 23. Qe4 Nxe2+ 24. Nxe2 Qf3 25. Qd4 Qxe2 26. g7 Qxc2#
{White checkmated} 0-1

[Event "Team 45 45 League T37"]
[Site "Internet Chess Club"]
[Date "2008.05.01"]
[Round "2"]
[White "GambitBandit"]
[Black "ddlj81"]
[Result "1-0"]
[WhiteElo "2104"]
[BlackElo "1863"]
[Opening "Queen's pawn game"]
[ECO "D04"]
[Time "22:01:48"]
[TimeControl "2700+45"]

1. d4 d5 2. Nf3 Nf6 3. e3 c5 4. dxc5 Nc6 5. c3 e5 6. b4 e4 7. Nd4 Nxd4 8. cxd4
Bd7 9. Nc3 b6 10. Be2 a5 11. Na4 Bxa4 12. Qxa4+ Nd7 13. Bb5 Qc7 14. O-O Kd8 15.
Bd2 Ra7 16. Rfc1 axb4 17. Qxb4 bxc5 18. dxc5 Bxc5 19. Qc3 Bf8 20. Qxc7+ Rxc7 21.
Ba5 Bd6 22. Rc6 Be5 23. Rac1 {Black resigns} 1-0

[Event "Team 45 45 League T37"]
[Site "Internet Chess Club"]
[Date "2008.05.03"]
[Round "2"]
[White "lele"]
[Black "Fidius"]
[Result "0-1"]
[WhiteElo "1944"]
[BlackElo "2016"]
[Opening "QGD: Orthodox defense, Rubinstein attack (with Rc1)"]
[ECO "D64"]
[Time "15:03:10"]
[TimeControl "2700+45"]

1. d4 d5 2. Nf3 Nf6 3. c4 c6 4. Nc3 e6 5. Bg5 Nbd7 6. e3 Be7 7. Qc2 O-O 8. Rc1
Re8 9. h3 Qa5 10. a3 Ne4 11. Bxe7 Rxe7 12. Bd3 Ndf6 13. O-O Nxc3 14. Qxc3 Qxc3
15. Rxc3 dxc4 16. Rxc4 Bd7 17. Ne5 Nd5 18. Rfc1 f6 19. Nf3 e5 20. dxe5 fxe5 21.
Rh4 g6 22. Bc4 e4 23. Nd2 Rae8 24. f3 Kg7 25. Bxd5 cxd5 26. fxe4 dxe4 27. Rc7
Bc6 28. Rxe7+ Rxe7 29. Rf4 g5 30. Rf5 h6 31. Rc5 Rd7 32. Nc4 Rd1+ 33. Kh2 Rc1
34. b3 Rc3 35. b4 a6 36. Ne5 Rxe3 37. a4 Ra3 38. b5 axb5 39. axb5 Ra5 40. Nxc6
bxc6 41. Rxc6 Rxb5 42. Re6 Rb4 43. Kg3 h5 44. Kf2 Kf7 45. Re5 Kf6 46. Re8 Rb2+
47. Kg3 h4+ 48. Kh2 Kf5 49. Rf8+ Ke5 50. Rg8 Kf4 51. Rf8+ Ke3 52. Rf5 Kd2 53.
Rd5+ Ke2 54. Rxg5 e3 55. Rd5 Kf1 56. Rd1+ Kf2 57. Rd5 e2 58. Rf5+ Ke3 59. Re5+
Kd2 60. Rd5+ Kc1 61. Re5 Kd1 62. Rd5+ Rd2 63. Ra5 e1=Q 64. Ra1+ Ke2 65. Rxe1+
Kxe1 66. Kg1 Ke2 67. Kh2 Ke3 68. Kg1 Kf4 69. Kh2 Ra2 {White resigns} 0-1

[Event "Team 45 45 League T37"]
[Site "Internet Chess Club"]
[Date "2008.05.03"]
[Round "2"]
[White "basserben"]
[Black "alexcolins"]
[Result "1-0"]
[WhiteElo "1665"]
[BlackElo "1677"]
[Opening "Sicilian: Hungarian variation"]
[ECO "B34"]
[Time "10:01:45"]
[TimeControl "2700+45"]

1. e4 c5 2. Nf3 g6 3. d4 cxd4 4. Nxd4 Nc6 5. Be3 Nf6 6. Nc3 Bg7 7. Qd2 Ng4 8.
Nxc6 bxc6 9. Bd4 Bh6 10. f4 e5 11. Bc5 Bxf4 12. Qd6 Nxh2 13. Ne2 Nxf1 14. Nxf4
Ng3 15. Qxe5+ {Black resigns} 1-0

[Event "Team 45 45 League T37"]
[Site "Internet Chess Club"]
[Date "2008.05.01"]
[Round "2"]
[White "forketta"]
[Black "DeLaSalle"]
[Result "1-0"]
[WhiteElo "1998"]
[BlackElo "2031"]
[Opening "Queen's pawn: Keres defense"]
[ECO "A40"]
[Time "15:16:51"]
[TimeControl "2700+45"]

1. d4 e6 2. c4 b6 3. e4 Bb7 4. Bd3 Bb4+ 5. Bd2 Qe7 6. a3 Bxd2+ 7. Nxd2 f5 8. Ne2
fxe4 9. Nxe4 Nf6 10. N2c3 Nxe4 11. Bxe4 Bxe4 12. Nxe4 O-O 13. O-O Nc6 14. d5
exd5 15. Qxd5+ Qf7 16. Rad1 Rae8 17. Nc3 Ne5 18. b3 d6 19. Nb5 a6 20. Nxc7 Re7
21. Qxf7+ Nxf7 22. Nd5 Re2 23. Nxb6 Rb8 24. Rfe1 Rxe1+ 25. Rxe1 Ne5 26. f4 Ng6
27. f5 Nf8 28. Nd5 Rxb3 29. Re3 Rb2 30. h3 Rc2 31. Rc3 Rd2 32. Kh2 Nd7 33. Kg3
Kf7 34. Ne3 Nc5 35. Kf3 Kf6 36. g4 Ke5 37. Nf1 Rd4 38. Ng3 Nd3 39. Nh5 g6 40.
fxg6 hxg6 41. Ng3 Rf4+ 42. Ke3 Nf2 43. Ne2 Nd1+ 44. Kd2 Nxc3 45. Nxf4 Ne4+ 46.
Ke3 Ng5 47. Nxg6+ Kf6 48. Nf4 Ke5 49. h4 Nh7 50. Nd3+ Ke6 51. Kf4 Nf6 52. Nb4 a5
53. Nc6 a4 54. Nd4+ Kf7 55. Nb5 d5 56. c5 Ke6 57. Nd4+ Kd7 58. h5 Ne4 59. h6 Nf6
60. g5 {Black resigns} 1-0

[Event "Team 45 45 League T37"]
[Site "Internet Chess Club"]
[Date "2008.05.03"]
[Round "2"]
[White "Fegary"]
[Black "Dan777"]
[Result "1-0"]
[WhiteElo "2024"]
[BlackElo "1906"]
[Opening "English opening"]
[ECO "A05"]
[Time "09:30:27"]
[TimeControl "2700+45"]

1. Nf3 Nf6 2. c4 g6 3. b4 Bg7 4. Bb2 O-O 5. g3 d6 6. Bg2 c6 7. O-O Qc7 8. Nc3 e5
9. d3 Be6 10. Ng5 Nbd7 11. Nxe6 fxe6 12. Qb3 a5 13. a3 axb4 14. axb4 Qb6 15.
Rxa8 Rxa8 16. Ra1 Rxa1+ 17. Bxa1 d5 18. cxd5 exd5 19. Bxd5+ Kh8 20. Be6 Qd4 21.
Qa3 Qd6 22. Qa8+ Qb8 23. Qxb8+ Nxb8 24. b5 e4 25. d4 cxb5 26. Nxb5 Ne8 27. Bd5
Nc6 28. Bxe4 Kg8 29. Bg2 Kf7 30. e4 Ke7 31. f4 Nd6 32. Nxd6 Kxd6 33. e5+ Ke6 34.
d5+ {Black resigns} 1-0